[Event "Najdorf Memorial-B 2022"]
[Site "Warsaw"]
[Date "2022.07.17"]
[Round "9.17"]
[White "Kobus, Stanislaw"]
[Black "Morczynski, Joachim"]
[Result "0-1"]
[ECO "A30"]
[WhiteElo "1427"]
[BlackElo "1762"]
[Annotator "NA COMBH"]
[PlyCount "66"]
[EventDate "2022.07.09"]
[EventType "swiss"]
[EventCountry "POL"]
[SourceTitle "playchess.com"]
[Source "ChessBase"]
[SourceQuality "1"]
[TimeControl "40/5400+30:1800+30"]

1. c4 c5 2. Nf3 Nc6 3. g3 g6 4. Nc3 Nf6 5. b3 Bg7 6. Bb2 O-O 7. Bg2 d6 8. O-O Bd7 9. d3 Qc8 10. Qd2 Bh3 11. Nd5 Bxg2 12. Kxg2 Nxd5 13. Bxg7 Kxg7 14. cxd5 Nb4 15. e4 a5 16. a3 Na6 17. Qxa5 Nb4 18. Qb5 Nc2 19. a4 Nxa1 20. Rxa1 Qc7 21. a5 Ra6 22. Nd2 Rfa8 23. Nc4 R8a7 24. h4 Qd8 25. Rh1 Rxa5 26. Nxa5 Qxa5 27. Qe8 Qd2 28. h5 Ra2 29. h6+ Kf6 30. Qh8+ Kg5 31. Rf1 Qxd3 32. Qxh7 Kg4 33. Kg1 Qf3 0-1